 Dungeon Crawl Stone Soup version 0.21.1-1-g345015f (webtiles) character file.

7200 kae the Martial Artist (level 10, 0/83 HPs)
             Began as a Demigod Transmuter on June 9, 2018.
             Slain by emiel's ghost (19 damage)
             ... on level 10 of the Dungeon.
             The game lasted 00:11:44 (10916 turns).

kae the Martial Artist (Demigod Transmuter)        Turns: 10916, Time: 00:11:45

Health: 0/83       AC:  4    Str: 19    XL:     10   Next: 57%
Magic:  8/22       EV: 17    Int: 17    God:
Gold:   390        SH:  0    Dex: 22    Spells: 10/21 levels left

rFire    . . .     SeeInvis .     - Unarmed
rCold    . . .     Gourm    .   (shield currently unavailable)
rNeg     . . .     Faith    .   b - +0 robe
rPois    +         Spirit   .   (no helmet)
rElec    .         Reflect  .   r - +1 cloak
rCorr    .         Harm     .   (gloves currently unavailable)
MR       +....                  (no boots)
Stlth    ++........             (no amulet)
HPRegen  0.23/turn              q - ring of poison resistance
MPRegen  0.18/turn              D - +6 ring of strength

@: blade hands, very slightly contaminated
A: high mp 1
a: End Transformation


You were on level 10 of the Dungeon.
You were hungry.
You had blades for hands.
You visited 1 branch of the dungeon, and saw 10 of its levels.
You also visited: Ossuary.

You collected 390 gold pieces.

Inventory:

Missiles
 a - 179 arrows
Armour
 b - a +0 robe (worn)
 r - a +1 cloak (worn)
Jewellery
 m - an uncursed ring of protection from magic
 q - a ring of poison resistance (left scythe-like blade)
 A - an uncursed amulet of rage
 B - an uncursed ring of positive energy
 D - a +6 ring of strength (right scythe-like blade)
Wands
 C - a wand of disintegration (13)
 F - a wand of scattershot (3)
Scrolls
 i - 5 scrolls of teleportation
 j - a scroll of enchant armour
 s - a scroll of magic mapping
 t - a scroll of blinking
 v - 3 scrolls of immolation
 y - a scroll of remove curse
 E - a scroll of summoning {unknown}
Potions
 e - 5 potions of brilliance
 f - a potion of resistance
 g - 3 potions of lignification
 h - 2 potions of mutation
 k - 3 potions of agility
 l - 7 potions of heal wounds
 n - 3 potions of might
 o - a potion of invisibility {unknown}
 p - 2 potions of curing
 u - 3 potions of berserk rage
 w - a potion of magic {unknown}
 x - 2 potions of cancellation
 z - 3 potions of haste
Books
 c - a book of Changes

   Spells                             Type                      Level
   a - Beastly Appendage              Transmutation                1
   b - Sticks to Snakes               Transmutation                2
   c - Spider Form                    Transmutation/Poison         3
   d - Ice Form                       Ice/Transmutation            4
   e - Blade Hands                    Transmutation                5
Comestibles
 d - 13 rations
 G - 4 chunks of flesh


   Skills:
 + Level 6.2 Fighting
 + Level 6.3 Dodging
 * Level 9.5 Unarmed Combat
 + Level 6.0 Spellcasting
 + Level 6.4 Transmutations


You had 10 spell levels left.
You knew the following spells:

 Your Spells              Type           Power        Failure   Level  Hunger
a - Beastly Appendage     Tmut           ####..       14%         1    None
b - Sticks to Snakes      Tmut           ####....     17%         2    None
c - Spider Form           Tmut/Pois      ###.......   47%         3    ##.....
d - Blade Hands           Tmut           ####......   69%         5    #####..


Dungeon Overview and Level Annotations

Branches:
Dungeon (10/15)            Temple (0/1) D:4            Lair (0/6) D:8
    Orc: D:9-12

Shops:
D:5 %[:%   D:8 =

Annotations:
D:10 emiel's ghost, journeyman TrFi


Innate Abilities, Weirdness & Mutations

You have an increased reservoir of magic. (+10% MP)


Message History

Casting: Blade Hands
Confirm with . or Enter, or press ? or * to list all spells.
Your hands turn into razor-sharp scythe blades.
You hit emiel's ghost.
Emiel's ghost is lightly damaged.
Emiel's ghost hits you but does no damage.
You slice emiel's ghost!!
Emiel's ghost is moderately damaged.
Emiel's ghost hits you!!
You barely miss emiel's ghost.
Emiel's ghost is moderately damaged.
You closely miss emiel's ghost.
Emiel's ghost is moderately damaged.
Emiel's ghost hits you!!!
* * * LOW HITPOINT WARNING * * *
The adder closely misses you.
You slice emiel's ghost!!
Emiel's ghost is heavily damaged.
The adder misses you. Emiel's ghost hits you!!
You die...

# ####### +. #.....#
######### #.. #.....#
#........
#.##.....#####........
#..#.....#............
#.......#.###........
#.......# #........
#.@...### #........
#.WS..# #........
###)### ####.####
######..#### #.#
#..........# ...
#..........# .....
#..........# ......
#..........# #......
#.W..........#....


You could see emiel's ghost and an adder.

Vanquished Creatures
  2 two-headed ogres
  Joseph (D:8)
  Grinder (D:5)
  A hippogriff (D:9)
  A spriggan (D:9)
  4 yaks (D:8)
  2 hungry ghosts (D:7)
  Menkaure (D:5)
  Edmund (D:5)
  A water moccasin (D:8)
  A black bear (D:10)
  An ice beast (D:7)
  An eye of draining (D:9)
  4 ogres
  3 sky beasts
  A phantom (D:6)
  5 centaurs
  6 bullfrogs
  A wyvern zombie (D:6)
  2 scorpions (D:5)
  A troll zombie (Ossuary)
  9 killer bees
  8 wights
  A howler monkey (D:6)
  4 crimson imps
  2 centaur zombies (Ossuary)
  A jelly (D:8)
  6 hounds
  A centaur skeleton (D:4)
  An orc priest (D:10)
  Crazy Yiuf (D:2)
  3 orc wizards
  A bullfrog skeleton (D:4)
  7 worker ants
  2 ogre zombies (Ossuary)
  A hound zombie (D:8)
  8 mummies
  A worker ant zombie (D:6)
  12 adders
  2 shadow imps
  7 adder zombies
  2 adder skeletons (D:5)
  4 worms
  3 dart slugs
  6 leopard geckos
  14 orcs
  13 bats
  7 giant cockroaches
  9 hobgoblins
  7 jackals
  4 kobolds
  4 quokkas
  3 ball pythons
  9 frilled lizards
  4 goblins
  A goblin zombie (Ossuary)
  4 hobgoblin zombies (Ossuary)
  5 kobold zombies
  A leopard gecko skeleton (D:4)
  2 orc zombies
  A quokka skeleton (D:4)
  6 quokka zombies (Ossuary)
  11 rats
  4 rat zombies (Ossuary)
  A fungus (D:2)
244 creatures vanquished.

Notes
Turn   | Place    | Note
-------+----------+-------------------------------------------
     0 | D:1      | kae the Demigod Transmuter began the quest for the Orb.
     0 | D:1      | Reached XP level 1. HP: 15/15 MP: 5/5
   294 | D:1      | Reached skill level 1 in Fighting
   482 | D:1      | Reached XP level 2. HP: 9/23 MP: 5/7
   703 | D:1      | Reached skill level 3 in Unarmed Combat
   841 | D:1      | Learned a level 2 spell: Sticks to Snakes
  1150 | D:2      | Reached XP level 3. HP: 12/28 MP: 6/8
  1398 | D:2      | Learned a level 3 spell: Spider Form
  1620 | D:2      | Found an iron altar of Okawaru.
  1684 | D:2      | Reached XP level 4. HP: 15/36 MP: 7/10
  2096 | D:2      | Found a hide-covered altar of Uskayaw.
  2430 | D:2      | Found a runed door.
  2434 | D:2      | Noticed Crazy Yiuf
  2441 | D:2      | Paralysed by Crazy Yiuf for 3 turns
  2442 | D:2      | Killed Crazy Yiuf
  2963 | D:3      | Found a glowing golden altar of the Shining One.
  3050 | D:3      | Reached XP level 5. HP: 41/41 MP: 7/11
  3627 | D:4      | Reached skill level 4 in Unarmed Combat
  4114 | D:4      | Found a staircase to the Ecumenical Temple.
  4280 | D:4      | Noticed an ogre
  4303 | D:4      | Killed an ogre
  4303 | D:4      | Reached XP level 6. HP: 49/50 MP: 5/13
  4832 | D:5      | Entered Level 5 of the Dungeon
  4874 | D:5      | Found Subresana's Food Emporium.
  5153 | D:5      | Noticed Edmund
  5168 | D:5      | Killed Edmund
  5168 | D:5      | Reached skill level 5 in Unarmed Combat
  5168 | D:5      | Reached XP level 7. HP: 55/57 MP: 10/14
  5180 | D:5      | Found Quodukul's Book Shoppe.
  5337 | D:5      | Found Plog's Food Shoppe.
  5341 | D:5      | Found Zeji Puh's Antique Armour Shop.
  5575 | D:5      | Noticed Menkaure
  5732 | D:5      | Learned a level 5 spell: Blade Hands
  5738 | D:5      | Killed Menkaure
  5840 | D:5      | Noticed Grinder
  6068 | D:5      | Killed Grinder
  6068 | D:5      | Reached skill level 6 in Unarmed Combat
  6068 | D:5      | Reached XP level 8. HP: 52/66 MP: 11/16
  6477 | D:6      | Found a sacrificial altar of Ru.
  6575 | D:6      | Found an opulent altar of Gozag.
  6576 | D:6      | Found a sparkling altar of Nemelex Xobeh.
  6840 | D:6      | Found a glowing silver altar of Zin.
  6900 | D:6      | Reached skill level 7 in Unarmed Combat
  7183 | D:7      | Reached XP level 9. HP: 43/72 MP: 12/19
  7304 | D:7      | Reached skill level 5 in Transmutations
  7328 | D:7      | Found a sand-covered staircase.
  7339 | Ossuary  | Entered an ossuary
  7513 | Ossuary  | Reached skill level 5 in Dodging
  8211 | D:7      | Reached skill level 5 in Fighting
  8387 | D:7      | Reached skill level 8 in Unarmed Combat
  8387 | D:7      | Reached skill level 5 in Spellcasting
  8766 | D:8      | Noticed Joseph
  8776 | D:8      | Killed Joseph
  9056 | D:8      | Found a shimmering altar of Xom.
  9079 | D:8      | Found a sacrificial altar of Ru.
  9161 | D:8      | Found Qostreli's Jewellery Emporium.
  9363 | D:8      | Reached XP level 10. HP: 69/81 MP: 21/21
  9423 | D:8      | Found a staircase to the Lair.
  9447 | D:8      | Found a shadowy altar of Dithmenos.
  9773 | D:8      | Found a deep blue altar of Sif Muna.
  9948 | D:9      | Noticed a two-headed ogre
  9962 | D:9      | Killed a two-headed ogre
  9962 | D:9      | Reached skill level 9 in Unarmed Combat
 10366 | D:9      | Found a snail-covered altar of Cheibriados.
 10406 | D:10     | Entered Level 10 of the Dungeon
 10429 | D:10     | Noticed a two-headed ogre
 10440 | D:10     | Killed a two-headed ogre
 10903 | D:10     | Noticed emiel's ghost (journeyman TrFi)
 10916 | D:10     | Slain by emiel's ghost

Skill      XL: |  1  2  3  4  5  6  7  8  9 10 |
---------------+-------------------------------+-----
Fighting       | 1 2 3 4 5 6 |  6.2
Unarmed Combat | 3 4 5 6 7 8 9 |  9.5
Dodging        | 2 3 4 5 6 |  6.3
Spellcasting   | 2 3 4 5 6 |  6.0
Transmutations | 2 3 4 5 6 |  6.4

Action                   |  1- 3 |  4- 6 |  7- 9 | 10-12 || total
-------------------------+-------+-------+-------+-------++-------
Melee: Unarmed           |   126 |   223 |   484 |   119 ||   952
       Headbutt          |     7 |     1 |       |       ||     8
       Kick              |    14 |     4 |     5 |       ||    23
       Punch             |       |     1 |    10 |     1 ||    12
 Cast: Beastly Appendage |    24 |     5 |     1 |       ||    30
       Spider Form       |     1 |    23 |    30 |    16 ||    70
       Blade Hands       |       |       |     4 |     1 ||     5
       Sticks to Snakes  |       |       |     2 |       ||     2
  Use: Scroll            |       |    10 |    13 |     1 ||    24
       Potion            |       |       |     4 |       ||     4
 Stab: Sleeping          |       |     4 |    13 |       ||    17
       Distracted        |       |       |     1 |       ||     1
       Paralysed         |       |       |     1 |       ||     1
  Eat: Chunk             |     2 |    13 |     8 |     6 ||    29
       Ration            |       |     1 |     4 |       ||     5
Armor: Robe              |    31 |    15 |    32 |     1 ||    79
       Skin              |       |     6 |     9 |     1 ||    16
Dodge: Dodged            |    89 |   155 |   339 |   122 ||   705
